 Dungeon Crawl Stone Soup version 0.30-a0-723-gc1506a1cf0 (webtiles) character file.

Game seed: 1207584358000007737

776 Absynth the Sneak (level 7, -5/41 HPs)
             Began as an Octopode Venom Mage on Jan 28, 2023.
             Was an Initiate of Vehumet.
             Slain by a phantom (6 damage)
             ... on level 6 of the Dungeon.
             The game lasted 00:18:04 (5660 turns).

Absynth the Sneak (Octopode Venom Mage)             Turns: 5660, Time: 00:18:05

Health: -5/41      AC:  5    Str:  7    XL:     7   Next: 84%
Magic:  12/13      EV: 13    Int: 19    God:    Vehumet [......]
Gold:   161        SH:  0    Dex: 13    Spells: 5/14 levels left

rFire   + . .      SeeInvis .    p - +2 dagger (venom)
rCold   . . .      Faith    .    (no shield)
rNeg    . . .      Spirit   .    (helmet restricted)
rPois   .          Reflect  .    (no amulet)
rElec   .          Harm     .    e - +4 ring of protection
rCorr   .          Rampage  .    f - ring of protection from fire
Will    .....                    (no ring)
Stlth   ++++                     (no ring)
HPRegen 0.26/turn                (no ring)
MPRegen 0.13/turn                (no ring)
                                 (no ring)
                                 (no ring)

@: no status effects
A: almost no armour, amphibious, 8 rings, camouflage 1, gelatinous body 1,
(nimble swimmer 1), tentacles
a: Renounce Religion


You were on level 6 of the Dungeon.
You worshipped Vehumet.
Vehumet was noncommittal.
You visited 2 branches of the dungeon, and saw 7 of its levels.

You collected 161 gold pieces.

Inventory:

Hand Weapons
 h - a +4 short sword
 p - a +2 dagger of venom (weapon)
Missiles
 t - a throwing net
Jewellery
 e - a +4 ring of protection (left tentacle)
 f - a ring of protection from fire (right tentacle)
 l - a ring of fire
Scrolls
 b - a scroll of torment {unknown}
 c - a scroll of blinking {unknown}
 g - 3 scrolls of noise {unknown}
 i - 3 scrolls of identify {unknown}
 j - a scroll of immolation {unknown}
 m - a scroll of fear {unknown}
 n - 2 scrolls of amnesia {unknown}
 o - a scroll of poison {unknown}
 r - a scroll of silence {unknown}
 u - a scroll of teleportation {unknown}
Potions
 a - a potion of magic
 d - 3 potions of curing {unknown}
 k - 2 potions of attraction {unknown}
 q - 3 potions of lignification {unknown}
 s - a potion of degeneration {unknown}


   Skills:
 - Level 2.0 Dodging
 + Level 6.4 Stealth
 + Level 4.2 Spellcasting
 + Level 2.9 Conjurations
 - Level 1.0 Transmutations
 + Level 2.3 Fire Magic
 + Level 3.0 Air Magic
 - Level 5.0 Poison Magic


You had 5 spell levels left.
You knew the following spells:

 Your Spells              Type           Power      Damage    Failure   Level
a - Sting                 Tmut/Pois      60%        1d6       4%          1
c - Mephitic Cloud        Conj/Pois/Air  17%        N/A       9%          3
i - Ignite Poison         Fire/Tmut/Pois 14%        N/A       13%         3
v - Poisonous Vapours     Pois/Air       38%        N/A       4%          2

Your spell library contained the following spells:

 Spells                   Type           Power      Damage    Failure   Level
 Necrotise                Necr           16%        1d4       14%         1
 Olgreb's Toxic Radiance  Pois           23%        N/A       17%         4
 Lesser Beckoning         Tloc           8%         N/A       21%         2
 Kindle Blastsparks       Fire/Tloc/Air  20%        2d11      21%         3
 Gell's Gravitas          Tloc           4%         N/A       38%         3
 Teleport Other           Tloc           4%         N/A       38%         3
 Vampiric Draining        Necr           4%         2d6       38%         3
 Freezing Cloud           Conj/Ice/Air   5%         6-21      86%         5
 Agony                    Necr           4%         N/A       98%         5


Dungeon Overview and Level Annotations

Branches:
Dungeon (6/15)             Temple (1/1) D:4

Altars:
Ashenzari
Cheibriados
Dithmenos
Elyvilon
Gozag
Makhleb
Nemelex Xobeh
Qazlal
Ru
Trog
Vehumet
Wu Jian
Xom
Yredelemnul
Zin

Annotations:
D:4 exclusion: phantom
D:6 Edmund


Innate Abilities, Weirdness & Mutations

You cannot wear most types of armour.
You are amphibious.
You can wear up to eight rings at the same time.
Your skin changes colour to match your surroundings (Stealth+).
Your rubbery body absorbs attacks. (AC +1, EV +1)
((You are camouflaged when in or above water. (Stealth+)))
You have tentacles for arms and can constrict up to eight enemies at once.


Message History

Aiming: Sting (safe; 4% risk of failure)
Press: ? - help, Shift-Dir - straight line, f/p - iguana
Aim: an iguana (poisoned, 77% to hit)
The sting hits the iguana.
The iguana looks even sicker.
The iguana is lightly wounded.
The phantom hits you but does no damage.
Edmund says, "A flail is better than a scythe, any day of the week!"
You hit the iguana but do no damage.
The iguana looks even sicker.
You grab the iguana.
The iguana is lightly wounded.
You constrict the iguana. The iguana bites you. The phantom hits you.
The phantom blinks!
You hit the iguana.
The iguana looks as sick as possible!
The iguana is heavily wounded.
You constrict the iguana. The iguana closely misses you. The phantom hits you.
* * * LOW HITPOINT WARNING * * *
The phantom blinks!
You hit the iguana but do no damage.
The iguana is severely wounded.
You constrict the iguana. The iguana bites you.
* * * LOW HITPOINT WARNING * * *
The phantom barely misses you.
You hit the iguana.
The iguana looks as sick as possible!
You squeeze the iguana.
You kill the iguana!
Vehumet accepts your kill. The phantom hits you!
* * * LOW HITPOINT WARNING * * *
The phantom blinks!
You blink.
Your Air Magic skill increases to level 3!
The phantom hits you.
* * * LOW HITPOINT WARNING * * *
The phantom blinks!
You blink.
The phantom hits you.
* * * LOW HITPOINT WARNING * * *
The phantom blinks!
You blink.
A hound comes into view.
Found a cloak.
The phantom attacks as you move away! The phantom hits you.
You die...

##.......## ##.###
##.....## #..ho#
###...## ##.#@#
......# ###o# #
.#...#.# #.# ..#
..#... ##### #z#
....#(...#.h...# #§#
..#..[#W....##.# #.#
#......@#.#.##.# #.#
...#.#.......#.####§#
...#...#.§......#
..#.. .#...#.######
#. ...#...#...# ..
#.#.......### #
.....#.#.# #...#.....
.#.


You could see a phantom and a hound (wandering).

Vanquished Creatures
  Menkaure (D:4)
  A phantom (D:5)
  A necrophage (D:5)
  2 hounds
  Crazy Yiuf (D:4)
  An orc priest (D:5)
  2 iguanas
  5 orc wizards
  Natasha (D:2)
  5 gnolls
  6 adders
  A white imp (D:5)
  A worm (D:4)
  4 dart slugs
  4 orcs
  5 bats
  5 endoplasms
  5 giant cockroaches
  2 goblins
  7 hobgoblins
  6 quokkas
  9 ball pythons
  4 frilled lizards
  11 kobolds
  7 rats
97 creatures vanquished.

Notes
Turn   | Place    | Note
-------+----------+-------------------------------------------
     0 | D:1      | Absynth the Octopode Venom Mage began the quest for the
                  | Orb.
     0 | D:1      | Reached XP level 1. HP: 11/11 MP: 3/3
   122 | D:1      | Reached skill level 3 in Stealth
   171 | D:1      | Reached XP level 2. HP: 17/17 MP: 3/5
   175 | D:1      | Learned a level 2 spell: Poisonous Vapours
   842 | D:1      | Reached XP level 3. HP: 21/21 MP: 3/6
  1038 | D:1      | Learned a level 3 spell: Mephitic Cloud
  1199 | D:2      | Reached skill level 4 in Stealth
  1199 | D:2      | Reached XP level 4. HP: 24/27 MP: 3/8
  1566 | D:2      | Noticed Natasha
  1587 | D:2      | Killed Natasha
  2322 | D:3      | Reached XP level 5. HP: 31/31 MP: 3/9
  2388 | D:3      | Found a shadowy altar of Dithmenos.
  2604 | D:3      | Found a white marble altar of Elyvilon.
  2785 | D:4      | Noticed Menkaure
  2910 | D:4      | Learned a level 3 spell: Ignite Poison
  2926 | D:4      | Reached skill level 1 in Conjurations
  2926 | D:4      | Reached skill level 5 in Poison Magic
  3110 | D:4      | Found a staircase to the Ecumenical Temple.
  3117 | Temple   | Entered the Ecumenical Temple
  3273 | D:4      | Reached skill level 5 in Stealth
  3273 | D:4      | Reached skill level 1 in Air Magic
  3332 | D:4      | Reached XP level 6. HP: 21/36 MP: 2/11
  3461 | D:4      | Found an opulent altar of Gozag.
  3461 | D:4      | Found a bloodstained altar of Trog.
  3997 | D:4      | Found a runed translucent door.
  3998 | D:4      | Noticed Crazy Yiuf
  4006 | D:4      | Killed Crazy Yiuf
  4234 | D:4      | Killed Menkaure
  4235 | D:4      | Reached skill level 1 in Fire Magic
  4292 | D:5      | Entered Level 5 of the Dungeon
  4384 | D:5      | Found a broken altar of Ashenzari.
  4400 | D:5      | Reached XP level 7. HP: 31/41 MP: 7/12
  4822 | D:5      | Reached skill level 6 in Stealth
  5166 | D:5      | Found a sacrificial altar of Ru.
  5247 | D:5      | Found a basalt altar of Yredelemnul.
  5453 | D:5      | Found a radiant altar of Vehumet.
  5467 | D:5      | Found an ornate altar of the Wu Jian Council.
  5476 | D:5      | Became a worshipper of Vehumet
  5637 | D:6      | Noticed Edmund
  5659 | D:6      | HP: 1/41 [phantom (4)]
  5660 | D:6      | Slain by a phantom

Illustrated notes

Levels and vault maps discovered:
D:1:      dpeg_arrival_rooms_b, layout_loops_cross, kennysheep_pointless_box,
          minmay_heptomino_d4
D:2:      layout_basic, uniq_natasha
D:3:      layout_basic, nicolae_overflow_hidden_temple,
          nicolae_dithmenos_shadow_blocks
D:4:      layout_basic, gammafunk_temple_overflow_pools,
          minmay_temple_entry_arrows, eino_curves_02,
          chequers_serial_rivers_micro_b, nrook_mini_vaults, uniq_menkaure,
          uniq_crazy_yiuf_cottage
D:5:      layout_loops_cross, nicolae_ru_great_annihilating_truth,
          mainiacjoe_overflow_six_doors_small,
          mainiacjoe_overflow_small_starburst, ashenzari_altar_1,
          mainiacjoe_overflow_concentric_impassable
D:6:      layout_loops_corners, kiku_gazebo_pond_becter,
          nicolae_kite_square_tiling_tiny, minmay_ruined_shrine, uniq_edmund,
          uniq_pikel
Temple:   nicolae_temple_superstar

Skill      XL: |  1  2  3  4  5  6  7 |
---------------+----------------------+-----
Stealth        | 3 4 5 6 |  6.4
Poison Magic   | 4 5 |  5.0
Spellcasting   | 3 4 |  4.2
Conjurations   | 1 2 |  2.9
Air Magic      | 1 2 3 |  3.0
Fire Magic     | 1 2 |  2.3
Dodging        | |  2.0
Transmutations | |  1.0

Action                     |  1- 3 |  4- 6 |  7- 9 || total
---------------------------+-------+-------+-------++-------
  Melee: Unarmed           |     8 |       |       ||     8
         Constrict         |     3 |    12 |     8 ||    23
         Short sword       |    10 |    52 |       ||    62
         Tentacles         |     1 |    12 |    11 ||    24
         Dagger            |       |     7 |    38 ||    45
   Cast: Sting             |    44 |    44 |     9 ||    97
         Poisonous Vapours |     5 |    22 |     3 ||    30
         Mephitic Cloud    |       |     3 |     8 ||    11
         Ignite Poison     |       |     1 |     3 ||     4
   Stab: Sleeping          |       |     9 |     2 ||    11
 Armour: Skin              |     8 |     8 |     6 ||    22
  Dodge: Dodged            |    10 |    40 |    13 ||    63

Table legend: (Time is in decaauts)
 A = Elapsed time spent in this place.
 B = Non-inter-level travel time spent in this place.
 C = Inter-level travel time spent in this place.
 D = Time resting spent in this place.
 E = Time spent auto-exploring this place.
 F = Levels seen in this place.
 G = Mean time per level.
                   A        B        C        D        E       F      G
               +--------+--------+--------+--------+--------+-----+--------+
         Total |   5667 |   5550 |    117 |   1056 |   3394 |   7 |  809.6 |
       Dungeon |   5571 |   5464 |    107 |   1056 |   3353 |   6 |  928.5 |
        Temple |     95 |     85 |     10 |      0 |     41 |   1 |   95.0 |
               +--------+--------+--------+--------+--------+-----+--------+

Top non-repeatable levels by time:
     D:5: 1317 daAuts
     D:4: 1252 daAuts
     D:2: 1151 daAuts
     D:1: 1037 daAuts
     D:3: 763 daAuts
  Temple: 95 daAuts
     D:6: 49 daAuts
